 Dungeon Crawl Stone Soup version 0.30.1-3-gfc49f6343a (webtiles) character file.

Game seed: 10050340105168297839

4565 javelincjr the Fighter (level 10, -2/68 HPs)
             Began as a Djinni Conjurer on July 31, 2023.
             Was a Believer of Hepliaklqana.
             Slain by a yak (8 damage)
             ... on level 8 of the Dungeon on Aug 1, 2023.
             The game lasted 00:36:39 (8980 turns).

javelincjr the Fighter (Djinni Conjurer)            Turns: 8980, Time: 00:36:40

Health: -2/68      AC:  5    Str:  8    XL:     10   Next: 67%
Gold:   320        EV: 14    Int: 22    God:    Hepliaklqana [**....] SH:  0 Dex: 12

rFire   + + .        q - +2 spear (venom)
rCold   x . .        (no shield)
rNeg    . . .        a - +0 robe
rPois   ∞            r - +0 helmet
rElec   .            w - scarf {shadows}
rCorr   .            h - +0 pair of gloves
SInv    .            (boots unavailable)
Will    +....        (no amulet)
Stlth   ++           (no ring)
HPRegen 0.31/turn    (no ring)
MPRegen 0.00/turn

%: infuse magic (-3 HP)
@: flying
A: reduced essence, sickness immunity, fire resistance 2, cold vulnerability 1,
float, innate caster, HP casting, extra vitality 1
a: Renounce Religion, Recall Ancestor, Ancestor Identity


You were on level 8 of the Dungeon.
You worshipped Hepliaklqana.
Hepliaklqana was pleased with you.
You visited 1 branch of the dungeon, and saw 8 of its levels.

You collected 320 gold pieces.

Inventory:

Hand Weapons
 g - a +1 dagger of venom
 o - a +1 dagger of draining
 q - a +2 spear of venom (weapon)
 y - a +4 dagger
 J - a +2 rapier of flaming
 N - a +7 mace
Armour
 a - a +0 robe (worn)
 h - a +0 pair of gloves (worn)
 r - a +0 helmet (worn)
 w - a scarf of shadows (worn)
 M - +0 acid dragon scales
Magical Staves
 m - a staff of air
 s - a staff of conjuration
Jewellery
 k - an amulet of faith
Wands
 v - a wand of flame (43)
 E - a wand of light (2)
 K - a wand of iceblast (4)
Scrolls
 b - a scroll of torment {unknown}
 c - 2 scrolls of fog {unknown}
 d - 6 scrolls of identify {unknown}
 j - 4 scrolls of blinking {unknown}
 l - a scroll of enchant weapon {unknown}
 p - 2 scrolls of teleportation {unknown}
 t - 4 scrolls of magic mapping {unknown}
 u - 4 scrolls of amnesia {unknown}
 z - a scroll of noise {unknown}
 C - 2 scrolls of enchant armour {unknown}
 D - a scroll of fear {unknown}
 I - a scroll of poison {unknown}
Potions
 e - 2 potions of attraction {unknown}
 f - 5 potions of heal wounds {unknown}
 i - a potion of degeneration {unknown}
 n - 3 potions of mutation {unknown}
 x - 2 potions of lignification {unknown}
 A - 2 potions of berserk rage {unknown}
 B - a potion of might {unknown}
 F - a potion of ambrosia {unknown}
 G - a potion of magic {unknown}
 H - a potion of resistance {unknown}
 L - a potion of invisibility {unknown}
 O - a potion of flight {unknown}


   Skills:
 * Level 8.3 Fighting
 + Level 5.7 Armour
 + Level 6.9 Dodging
 - Level 2.0 Stealth
 * Level 7.3 Spellcasting
 + Level 2.4 Invocations


You knew the following spells:

 Your Spells              Type           Power      Damage    Failure   Level
a - Magic Dart            Conj           100%       1d8       1%          1
b - Searing Ray           Conj           80%        2d7       1%          2
c - Dazzling Flash        Conj/Hex       80%        N/A       1%          3
d - Fulminant Prism       Conj/Hex       20%        3d12      3%          4
e - Iskenderun's Mystic   Conj/Tloc      40%        2d9       3%          4
f - Shock                 Conj/Air       100%       1d9       1%          1
g - Scorch                Fire           80%        2d8       1%          2
h - Call Imp              Summ           80%        N/A       1%          2
i - Animate Dead          Necr           40%        N/A       3%          4
Your spell library was empty.

Dungeon Overview and Level Annotations

Branches:
Dungeon (8/15)             Temple (0/1) D:7
   Lair: D:8-11

Altars:
Ashenzari
Gozag
Hepliaklqana
Nemelex Xobeh
Trog
Yredelemnul


Innate Abilities, Weirdness & Mutations

Your life essence is reduced to manifest your ancestor. (-10% HP)
You are immune to sickness and miasma.
You are immune to poison.
Your flesh is very heat resistant. (rF++)
You are vulnerable to cold. (rC-)
You float through the air rather than walking.
You learn spells naturally, not from books.
Your magical power is your life essence.
You have superior vitality. (+4 MHP)


Message History

You hit the ice beast.
The ice beast is lightly wounded.
The yak bellows!
You hear an angry growl.
The ice beast barely misses you.
Aylmer hits the plant with a +0 quarterstaff!
The plant begins to die.
You hit the ice beast but do no damage.
The ice beast is lightly wounded.
The ice beast misses you.
Aylmer hits the plant with a +0 quarterstaff!
You hit the ice beast but do no damage.
The ice beast is poisoned.
The ice beast is lightly wounded.
The ice beast closely misses you.
Aylmer hits the plant with a +0 quarterstaff!
You hit the ice beast.
The ice beast is lightly wounded.
The ice beast closely misses you. The yak completely misses you.
Aylmer hits the plant with a +0 quarterstaff!
You hit the ice beast.
The ice beast looks even sicker.
The ice beast is moderately wounded.
The ice beast hits you but does no damage.
The yak closely misses you.
Aylmer hits the plant with a +0 quarterstaff!!
You hit the ice beast.
The ice beast looks as sick as possible!
The ice beast is heavily wounded.
A nearby plant withers and dies.
The ice beast hits you but does no damage.
The yak gores you!
You hit the ice beast but do no damage.
The ice beast looks as sick as possible!
The ice beast is heavily wounded.
The ice beast hits you. The ice beast freezes you!
You feel a terrible chill! The yak gores you! The ice beast hits you.
The ice beast freezes you!
You feel a terrible chill!
* * * LOW HITPOINT WARNING * * *
The yak gores you.
* * * LOW HITPOINT WARNING * * *
The yak attacks as you move away! The yak gores you!
You die...

.. #.# P.. ###+###.# ##
+..PP.##....#..###.
#......#....#....'.
.####PPPP.......'.####.
.....P....##....#.# #.
PP....P..# #....#># #.
.P...PR..###.###### #.
..PPPY@.##...# #.
...P.Y#....### #.
##......#### #.
######## ##


You could see the friendly Aylmer the battlemage, a yak (ally target) and an ice
beast (extremely poisoned).

Vanquished Creatures
  Pikel (D:7)
  Maggie (D:7)
  Prince Ribbit (D:7)
  Sigmund (D:2)
  Eustachio (D:5)
  4 yaks (D:6)
  A water moccasin (D:7)
  An ice beast (D:7)
  2 sky beasts
  2 ogres
  A phantom (D:5)
  3 lemures (D:7)
  A kobold brigand (D:6)
  3 scorpions
  7 wights
  A hound (D:5)
  2 jellies (D:5)
  3 orc priests (D:4)
  3 iguanas
  4 orc wizards
  4 sleepcaps
  Terence (D:2)
  Robin (D:3)
  7 gnolls
  9 adders
  A shadow imp (D:5)
  A white imp (D:6)
  An ufetubus (D:7)
  2 worms
  4 dart slugs
  22 orcs
  10 ball pythons
  5 endoplasms
  2 giant cockroaches
  16 goblins
  10 hobgoblins
  6 jackals
  13 kobolds
  6 quokkas
  9 bats
  6 frilled lizards
  6 rats
  A spectral kobold (D:3)
186 creatures vanquished.

Vanquished Creatures (collateral kills)
  A yak (D:6)
  A human zombie (D:7)
  2 ice beasts (D:6)
  A centaur (D:6)
  3 wights (D:7)
  A howler monkey (D:5)
  A jelly (D:7)
  2 hounds
  An orc priest (D:5)
  2 adders (D:5)
  A dart slug (D:4)
  A hobgoblin (D:3)
  A kobold (D:6)
18 creatures vanquished.

Vanquished Creatures (others)
  A wizard (D:7)
  2 yak zombies (D:6)
  3 ancestors
  2 kobold zombies (D:6)
  2 orc zombies (D:6)
  12 fulminant prisms
22 creatures vanquished.

Grand Total: 226 creatures vanquished

Notes
Turn   | Place    | Note
-------+----------+-------------------------------------------
     0 | D:1      | javelincjr the Djinni Conjurer began the quest for the Orb.
     0 | D:1      | javelincjr set off with the following spells memorised:
                  | Magic Dart, Searing Ray, Dazzling Flash, Fulminant Prism,
                  | Iskenderun's Mystic Blast.
     0 | D:1      | Reached XP level 1. HP: 15/15 MP: 0/0
   154 | D:1      | Reached XP level 2. HP: 15/21 MP: 0/0
   495 | D:1      | Reached XP level 3. HP: 18/25 MP: 0/0
   495 | D:1      | Learned a level 1 spell: Shock
   866 | D:1      | Reached skill level 1 in Fighting
  1289 | D:1      | Reached XP level 4. HP: 32/32 MP: 0/0
  1604 | D:2      | Reached skill level 1 in Armour
  1842 | D:2      | Found an opulent altar of Gozag.
  2049 | D:2      | Noticed Sigmund
  2072 | D:2      | Killed Sigmund
  2073 | D:2      | Reached skill level 2 in Fighting
  2073 | D:2      | Reached XP level 5. HP: 7/40 MP: 0/0
  2073 | D:2      | Learned a level 2 spell: Scorch
  2073 | D:2      | Reached XP level 6. HP: 8/45 MP: 0/0
  2458 | D:2      | Noticed Terence
  2464 | D:2      | Killed Terence
  2672 | D:2      | Noticed a blizzard demon
  2673 | D:2      | Found a faded altar of an unknown god.
  2771 | D:3      | Reached skill level 3 in Fighting
  3209 | D:3      | Found a hazy altar of Hepliaklqana.
  3317 | D:3      | Reached XP level 7. HP: 31/50 MP: 0/0
  3317 | D:3      | Learned a level 2 spell: Call Imp
  3548 | D:3      | Became a worshipper of Hepliaklqana the Forgotten
  3714 | D:3      | Noticed Robin
  3726 | D:3      | Killed Robin
  4378 | D:4      | Found a basalt altar of Yredelemnul.
  4391 | D:4      | Reached skill level 4 in Fighting
  4651 | D:4      | Reached XP level 8. HP: 45/58 MP: 0/0
  4964 | D:5      | Entered Level 5 of the Dungeon
  5204 | D:5      | Reached skill level 5 in Spellcasting
  5387 | D:5      | Noticed Eustachio
  5405 | D:5      | Killed Eustachio
  5406 | D:5      | Reached skill level 5 in Fighting
  5619 | D:5      | Reached * piety under Hepliaklqana
  5759 | D:5      | Reached skill level 5 in Dodging
  6133 | D:5      | Reached XP level 9. HP: 54/59 MP: 0/0
  6133 | D:5      | Learned a level 4 spell: Animate Dead
  6399 | D:6      | Reached skill level 6 in Fighting
  6523 | D:6      | HP: 2/59 [centaur/arrow (10)]
  6886 | D:6      | Reached skill level 7 in Fighting
  7084 | D:6      | Reached XP level 10. HP: 26/67 MP: 0/0
  7340 | D:7      | Reached skill level 5 in Armour
  7639 | D:7      | Found a sparkling altar of Nemelex Xobeh.
  7640 | D:7      | Found a broken altar of Ashenzari.
  7740 | D:7      | Noticed Prince Ribbit
  7761 | D:7      | Reached skill level 1 in Invocations
  7769 | D:7      | Killed Prince Ribbit
  7983 | D:7      | Found a staircase to the Ecumenical Temple.
  8051 | D:7      | Found a bloodstained altar of Trog.
  8054 | D:7      | Noticed a wizard
  8060 | D:7      | Killed a wizard
  8168 | D:7      | Noticed Pikel
  8176 | D:7      | Killed Pikel
  8177 | D:7      | Reached skill level 8 in Fighting
  8318 | D:7      | Noticed Maggie
  8333 | D:7      | Killed Maggie
  8831 | D:8      | Reached ** piety under Hepliaklqana
  8832 | D:8      | Remembered your ancestor Aylmer as a battlemage
  8980 | D:8      | Slain by a yak

Illustrated notes

Levels and vault maps discovered:
D:1:      dpeg_arrival_rhombi, layout_loops_corners, st_stairs_11,
          hangedman_decor_diamond_cutter, minmay_split_cup_large
D:2:      layout_basic, basic_altar, dreamdust_ecumenical_altar_sealed_demon,
          uniq_terence, uniq_sigmund
D:3:      layout_rooms, nicolae_hepliaklqana_monster_ancestors, uniq_robin
D:4:      layout_rooms, mainiacjoe_overflow_cross_hatched, minmay_distorted
D:5:      minmay_inner_zag, layout_basic, uniq_eustachio
D:6:      layout_basic, serial_rivers, chequers_serial_rivers_large_a,
          chequers_serial_rivers_room_a, chequers_serial_rivers_room_b,
          chequers_serial_rivers_marsh
D:7:      layout_loops_cross, vehumet_crystals,
          mainiacjoe_overflow_divided_tiny, trog_wizard,
          minmay_temple_entry_trees, uniq_maggie, uniq_prince_ribbit1,
          uniq_pikel
D:8:      layout_basic, grunt_lair_entry_orc_guard_hut

Skill      XL: |  1  2  3  4  5  6  7  8  9 10 |
---------------+-------------------------------+-----
Stealth        | 2 |  2.0
Fighting       | 1 2 3 4 5 7 8 |  8.3
Armour         | 1 2 3 4 5 |  5.7
Dodging        | 3 4 5 6 |  6.9
Spellcasting   | 4 5 6 7 |  7.3
Invocations    | 2 |  2.4

Action                     |  1- 3 |  4- 6 |  7- 9 | 10-12 || total
---------------------------+-------+-------+-------+-------++-------
  Melee: Unarmed           |     7 |       |       |       ||     7
         Dagger            |    18 |    36 |    54 |       ||   108
         Spear             |       |       |   134 |    80 ||   214
         Punch             |       |       |     4 |       ||     4
   Cast: Magic Dart        |    57 |    75 |    75 |     1 ||   208
         Searing Ray       |     2 |     5 |    15 |     1 ||    23
         Scorch            |       |     4 |       |       ||     4
         Call Imp          |       |       |    17 |     8 ||    25
         Fulminant Prism   |       |       |     6 |     6 ||    12
         Animate Dead      |       |       |     2 |     5 ||     7
         Iskenderun's Myst |       |       |       |     5 ||     5
 Invoke: Ancestor Life: Ba |       |       |       |     1 ||     1
   Stab: Sleeping          |     4 |       |     3 |       ||     7
         Distracted        |       |       |     2 |       ||     2
 Armour: Robe              |     5 |     6 |    33 |     5 ||    49
  Dodge: Dodged            |    17 |    44 |    91 |    50 ||   202
